 Dungeon Crawl Stone Soup version 0.21.1 (webtiles) character file.

817 Fascinator the Chopper (level 7, 0/62 HPs)
             Began as a Minotaur Berserker on Feb 1, 2018.
             Was a Believer of Trog.
             Slain by Blork the orc
             ... wielding a +0 long sword
              (11 damage)
             ... on level 5 of the Dungeon.
             The game lasted 00:08:15 (3548 turns).

Fascinator the Chopper (Minotaur Berserker)         Turns: 3548, Time: 00:08:15

Health: 0/62       AC:  9    Str: 24    XL:     7   Next: 62%
Magic:  6/6        EV:  9    Int:  4    God:    Trog [**....]
Gold:   271        SH:  0    Dex:  9    Spells: 6/6 levels left

rFire    . . .     SeeInvis .   a - +0 hand axe
rCold    . . .     Gourm    .   (no shield)
rNeg     . . .     Faith    .   i - +0 chain mail
rPois    .         Spirit   .   (helmet restricted)
rElec    .         Reflect  .   (no cloak)
rCorr    .         Harm     .   (no gloves)
MR       .....                  (no boots)
Stlth    ..........             (no amulet)
HPRegen  0.20/turn              (no ring)
MPRegen  0.10/turn              (no ring)

@: no status effects
A: retaliatory headbutt, horns 2
a: Berserk, Trog's Hand, Burn Spellbooks, Renounce Religion


You were on level 5 of the Dungeon.
You worshipped Trog.
Trog was pleased with you.
You were near starving.

You visited 1 branch of the dungeon, and saw 5 of its levels.

You collected 271 gold pieces.

Inventory:

Hand Weapons
 a - a +0 hand axe (weapon)
Armour
 i - a +0 chain mail (worn)
Jewellery
 g - an uncursed amulet of magic regeneration {unknown}
Scrolls
 b - 3 scrolls of teleportation {unknown}
 d - 5 scrolls of identify {unknown}
 j - a scroll of noise {unknown}
 k - 3 scrolls of remove curse {unknown}
 l - 2 scrolls of enchant weapon {unknown}
 m - a scroll of fog {unknown}
 n - a scroll of magic mapping {unknown}
 o - a scroll of immolation {unknown}
 u - a scroll of blinking {unknown}
 v - a scroll of enchant armour {unknown}
 w - 2 scrolls of random uselessness {unknown}
Potions
 e - a potion of haste {unknown}
 f - a potion of degeneration {unknown}
 h - 2 potions of flight {unknown}
 p - 3 potions of might {unknown}
 q - 3 potions of brilliance {unknown}
 r - 2 potions of lignification {unknown}
 s - a potion of agility {unknown}
 t - a potion of magic {unknown}
 x - a potion of ambrosia {unknown}
 z - a potion of curing {unknown}
Comestibles
 c - 15 rations


   Skills:
 + Level 5.9 Fighting
 + Level 7.7 Axes
 + Level 5.1 Armour
 + Level 4.0 Dodging
 + Level 0.9 Stealth


You had 6 spell levels left.
You didn't know any spells.

Dungeon Overview and Level Annotations

Branches:
Dungeon (5/15)             Temple (0/1) D:5

Altars:
Dithmenos
Kikubaaqudgha

Shops:
D:4 *

Annotations:
D:5 Blork the orc


Innate Abilities, Weirdness & Mutations

You reflexively headbutt those who attack you in melee.
You have a pair of horns on your head.


Message History

A puff of flame appears from out of thin air!
The puff of flame hits you!
You hear some strange, mumbled words.
Something hits you but does no damage.
You slash something! You headbutt something.
Something hits you but does no damage.
You closely miss something. Your headbutt misses something.
You hear some strange, mumbled words.
A puff of frost appears from out of thin air!
The puff of frost hits you!
You slash something! Your headbutt misses something. Something hits you.
You miss something. Something hits you.
You closely miss something. Something hits you but does no damage.
You barely miss something. Something hits you.
You closely miss something. Something hits you! x2
* * * LOW HITPOINT WARNING * * *
You miss something. Something hits you.
* * * LOW HITPOINT WARNING * * *
You closely miss something. Something hits you!
You die...

...# #.# ...## #.#
...>## #.# ...#.## #.#
......# #.#
.#.#..####.#
....#......#
.#.#################.#
##.# ##....@....#
#.########...########
#............#
##########...# #####


There were no monsters in sight!

Vanquished Creatures
  An ice beast (D:5)
  2 sky beasts (D:5)
  An ogre (D:3)
  A centaur (D:3)
  A bullfrog (D:4)
  A hound (D:4)
  A jelly (D:4)
  An orc priest (D:4)
  An orc wizard (D:4)
  A worker ant (D:5)
  A worker ant zombie (D:5)
  9 adders
  3 oozes
  2 worms
  A dart slug (D:5)
  A leopard gecko (D:5)
  4 orcs
  3 ball pythons
  3 giant cockroaches
  10 goblins
  4 hobgoblins
  A jackal (D:1)
  7 kobolds
  4 bats
  2 frilled lizards (D:1)
  A leopard gecko skeleton (D:5)
  3 rats
70 creatures vanquished.

Notes
Turn   | Place    | Note
-------+----------+-------------------------------------------
     0 | D:1      | Fascinator the Minotaur Berserker began the quest for the Orb.
     0 | D:1      | Reached XP level 1. HP: 19/19 MP: 0/0
   127 | D:1      | Reached XP level 2. HP: 18/27 MP: 1/1
   238 | D:1      | Reached skill level 4 in Axes
   493 | D:1      | Reached ** piety under Trog
   507 | D:1      | Reached XP level 3. HP: 33/33 MP: 2/2
   593 | D:2      | Found a shadowy altar of Dithmenos.
  1371 | D:3      | Noticed a centaur
  1387 | D:3      | Killed a centaur
  1387 | D:3      | Reached skill level 5 in Axes
  1387 | D:3      | Reached XP level 4. HP: 26/41 MP: 3/3
  1387 | D:3      | Reached XP level 5. HP: 30/47 MP: 4/4
  1680 | D:3      | Noticed an ogre
  1689 | D:3      | Killed an ogre
  1689 | D:3      | Reached skill level 5 in Fighting
  2056 | D:3      | Found an ancient bone altar of Kikubaaqudgha.
  2075 | D:3      | Reached XP level 6. HP: 56/56 MP: 5/5
  2315 | D:4      | Reached skill level 6 in Axes
  2842 | D:4      | Found Juucvudu's Assorted Antiques.
  2952 | D:5      | Entered Level 5 of the Dungeon
  2972 | D:5      | Noticed a sky beast
  2983 | D:5      | Killed a sky beast
  2983 | D:5      | Reached skill level 7 in Axes
  2983 | D:5      | Reached XP level 7. HP: 61/61 MP: 6/6
  3350 | D:5      | Reached skill level 5 in Armour
  3430 | D:5      | Found a staircase to the Ecumenical Temple.
  3535 | D:5      | Noticed Blork the orc
  3548 | D:5      | Slain by Blork the orc

Skill      XL: |  1  2  3  4  5  6  7 |
---------------+----------------------+-----
Axes           | 4 5 7 |  7.7
Fighting       | 4 5 |  5.9
Dodging        | 3 4 |  4.0
Armour         | 3 4 5 |  5.1
Stealth        | |  0.9

Action                   |  1- 3 |  4- 6 |  7- 9 || total
-------------------------+-------+-------+-------++-------
Melee: Hand axe          |    89 |    83 |    45 ||   217
       Headbutt          |    16 |    16 |    11 ||    43
Invok: Berserk           |     1 |     1 |       ||     2
  Eat: Chunk             |     1 |     4 |       ||     5
       Ration            |       |     1 |       ||     1
Armor: Animal skin       |     7 |       |       ||     7
       Chain mail        |    23 |    64 |    20 ||   107
Dodge: Dodged            |    47 |    26 |    10 ||    83
